 Dungeon Crawl Stone Soup version 0.20.0-15-g7f486f2 (webtiles) character file.

140 botchamania the Insei (level 5, -2/33 HPs)
             Began as an Octopode Transmuter on June 27, 2017.
             Slain by an orc
             ... wielding a +0 trident
              (3 damage)
             ... on level 3 of the Dungeon.
             The game lasted 00:10:51 (3530 turns).

botchamania the Insei (Octopode Transmuter)         Turns: 3530, Time: 00:10:51

Health: -2/33      AC:  2    Str: 16    XL:     5   Next: 22%
Magic:  4/8        EV: 20    Int: 15    God:
Gold:   110        SH:  0    Dex: 19    Spells: 2/8 levels left

rFire    . . .     SeeInvis .     - Unarmed
rCold    . . .     Gourm    .   (shield currently unavailable)
rNeg     . . .     Faith    .   (helmet currently unavailable)
rPois    x         Spirit   .   (no amulet)
rElec    .         Reflect  .   (no ring)
rCorr    .         Harm     .   (no ring)
MR       .....                  (no ring)
Stlth    ++........             (no ring)
Regen    0.2/turn               (no ring)
MPRegen  0.2/turn               (no ring)
                                (no ring)
                                (no ring)

@: mighty, spider-form
A: almost no armour, stealthy swim, (amphibious), 8 rings, (constrict 8),
mutation resistance 1, strong 1
a: End Transformation


You were on level 3 of the Dungeon.
You were not hungry.
You were a venomous arachnid creature.
You visited 1 branch of the dungeon, and saw 3 of its levels.

You collected 110 gold pieces.

Inventory:

Missiles
 a - 35 arrows
 g - a throwing net
 j - 6 tomahawks (quivered)
Jewellery
 i - an uncursed ring of loudness
Wands
 e - a wand of flame (24/48)
 p - a wand of iceblast (5/15)
Scrolls
 k - 2 scrolls of enchant armour
Potions
 d - a potion of degeneration
 f - a potion of brilliance
Books
 b - a book of Changes

   Spells                             Type                      Level
   a - Beastly Appendage              Transmutation                1
   b - Sticks to Snakes               Transmutation                2
   c - Spider Form                    Transmutation/Poison         3
   d - Ice Form                       Ice/Transmutation            4
   e - Blade Hands                    Transmutation                5
Comestibles
 c - 2 bread rations
 l - a royal jelly
 n - a fruit
 o - 2 chunks of flesh


   Skills:
 - Level 1.0 Fighting
 - Level 2.0 Dodging
 - Level 3.9 Unarmed Combat
 - Level 2.0 Spellcasting
 + Level 3.6 Transmutations
 + Level 2.9 Poison Magic


You had 2 spell levels left.
You knew the following spells:

 Your Spells              Type           Power        Failure   Level  Hunger
a - Beastly Appendage     Tmut           ##....       14%         1    #......
b - Sticks to Snakes      Tmut           ##......     21%         2    ###....
c - Spider Form           Tmut/Pois      ##........   36%         3    ###....


Dungeon Overview and Level Annotations

Branches:
Dungeon (3/15)

Altars:
Ru


Innate Abilities, Weirdness & Mutations

You cannot wear most types of armour.
You are very stealthy in the water. (Stealth+)
((You are amphibious.))
You can wear up to eight rings at the same time.
((You can use your tentacles to constrict eight enemies at once.))
((Your skin changes colour to match your surroundings (Stealth+).))
((Your rubbery body absorbs attacks. (AC +1, EV +1)))
You are somewhat resistant to further mutation.
Your muscles are strong. (Str +2)


Message History

You feel stronger.
You feel genetically stable.
You feel very mighty all of a sudden. The orc priest hits you with a club!
* * * LOW HITPOINT WARNING * * *
The orc closely misses you.
Unknown command.
Unknown command.
Unknown command.
You hit the orc priest.
The orc priest is moderately wounded.
The orc priest closely misses you. The orc closely misses you.
You bite the orc priest!
You kill the orc priest!
You feel your strength returning.
You feel your dexterity returning.
You have reached level 5!
You feel agile.
You hit the orc.
The orc is poisoned.
The orc is almost dead.
The orc hits you with a trident.
You die...

########..##....#####.###.#
#.oo...#..##...............
#.#..##..###########.#
#.#..#...# #.#
#†#..#..####### #..
#.####.#...........# ###
#.......#.###.####.##
######..#.o.#.# #..#
#..##s##.# ##.# #..))..#.#
#(## ##....###+# #..#####
....#.......#####..(...#
.........#...........#....
.....########.....#######.
.....+...#..#.....#..#..#
#... ##..#..#)###.#..#..#
... #....))._#..+..)..#


You could see an orc.

Vanquished Creatures
  An orc priest (D:3)
  2 adders
  2 worms (D:3)
  A dart slug (D:1)
  2 leopard geckos
  4 orcs (D:3)
  A ball python (D:2)
  3 bats
  3 giant cockroaches
  8 goblins
  9 hobgoblins
  2 jackals (D:2)
  2 quokkas
  2 frilled lizards (D:2)
  3 kobolds (D:1)
  7 rats
52 creatures vanquished.

Vanquished Creatures (collateral kills)
  3 adders
  An orc (D:3)
  A hobgoblin (D:2)
  A ball python (D:3)
  A goblin (D:3)
  A kobold (D:3)
8 creatures vanquished.

Grand Total: 60 creatures vanquished

Notes
Turn   | Place    | Note
-------+----------+-------------------------------------------
     0 | D:1      | botchamania the Octopode Transmuter began the quest for the Orb.
     0 | D:1      | Reached XP level 1. HP: 13/13 MP: 3/3
    93 | D:1      | Reached XP level 2. HP: 12/18 MP: 3/5
   262 | D:1      | Learned a level 2 spell: Sticks to Snakes
   498 | D:1      | You fall through a shaft!
   569 | D:2      | Reached XP level 3. HP: 10/23 MP: 6/6
  1152 | D:2      | Learned a level 3 spell: Spider Form
  1971 | D:2      | Reached skill level 1 in Poison Magic
  1971 | D:2      | Reached XP level 4. HP: 20/28 MP: 3/7
  3182 | D:3      | Found a sacrificial altar of Ru.
  3525 | D:3      | Gained mutation: Your muscles are strong. (Str +2) [potion of mutation]
  3525 | D:3      | Gained mutation: You are somewhat resistant to further mutation. [potion of mutation]
  3527 | D:3      | HP: 1/28 [orc priest/club (8)]
  3529 | D:3      | Reached XP level 5. HP: 1/33 MP: 4/8
  3530 | D:3      | Slain by an orc

Skill      XL: |  1  2  3  4 |
---------------+-------------+-----
Transmutations | 3 |  3.6
Poison Magic   | 1 2 |  2.9
Fighting       | |  1.0
Dodging        | |  2.0
Unarmed Combat | |  3.9
Spellcasting   | |  2.0

Action                   |  1- 3 |  4- 6 || total
-------------------------+-------+-------++-------
Melee: Unarmed           |    90 |    71 ||   161
       Kick              |    10 |     1 ||    11
       Constrict         |    24 |     6 ||    30
       Tentacles         |     7 |     6 ||    13
       Punch             |     2 |       ||     2
Throw: Tomahawk          |     1 |       ||     1
 Cast: Beastly Appendage |    14 |     4 ||    18
       Sticks to Snakes  |     7 |     3 ||    10
       Spider Form       |       |     6 ||     6
  Use: Scroll            |     6 |     1 ||     7
       Potion            |     3 |     2 ||     5
 Stab: Sleeping          |     1 |     2 ||     3
  Eat: Chunk             |     2 |     6 ||     8
       Royal jelly       |     1 |       ||     1
Armor: Skin              |    20 |     2 ||    22
Dodge: Dodged            |    77 |    45 ||   122
